Map: Romanticide LE

Players

Astrea

  • Race: Protoss Protoss
  • League: Master

MCanning - Winner!

  • Race: Protoss Protoss

Event: DreamHack SC2 Masters 2021 Summer

VOD

Have the link to the VOD?

Description

Time

  • Played on: May 26, 2021, 3:35 p.m.
  • Length: 27:20

All games in this series

Show
View Real Time Build Order
Export as new Build Order

Astrea Protoss 

Build Orders: Phoenix Opening 

Get SALT Encoding   

  12  0:00  Probe  
  13  0:12  Probe  
  14  0:17  Pylon  
  14  0:24  Probe (Chrono Boost)  
  16  0:36  Probe (Chrono Boost), Gateway  
  16  0:43  Probe (Chrono Boost)  
  16  0:46  Assimilator  
  17  0:51  Probe  
  18  0:58  Assimilator  
  18  1:03  Probe (Chrono Boost)  
  19  1:07  Gateway  
  20  1:12  Probe (Chrono Boost)  
  20  1:17  Probe (Chrono Boost)  
  20  1:24  Cybernetics Core  
  21  1:29  Probe  
  22  1:39  Pylon  
  22  1:41  Probe  
  23  1:57  Probe  
  23  2:00  Stalker, Warp Gate (Chrono Boost)  
  23  2:01  Stalker  
  28  2:10  Probe  
  29  2:16  Pylon  
  30  2:26  Pylon  
  30  2:33  Stalker  
  30  2:36  Stalker  
  33  2:57  Nexus  
  33  3:02  Probe  
  34  3:10  Sentry x2  
  38  3:16  Probe  
  38  3:19  Pylon  
  39  3:25  Robotics Facility  
  39  3:34  Pylon  
  39  3:37  Probe  
  40  3:44  Phoenix  
  40  3:48  Sentry  
  42  3:49  Probe  
  42  3:54  Shield Battery  
  43  4:01  Probe (Chrono Boost)  
  45  4:13  Probe (Chrono Boost)  
  45  4:14  Stalker x2  
  49  4:22  Cybernetics Core  
  49  4:23  Probe (Chrono Boost)  
  44  4:25  Probe  
  44  4:34  Probe  
  44  4:36  Warp Prism (Chrono Boost)  
  44  4:38  Probe  
  48  4:46  Probe  
  48  4:49  Stalker  
  48  4:50  Probe  
  50  4:58  Probe  
  51  5:02  Probe  
  51  5:05  Observer  
  53  5:08  Sentry  
  53  5:10  Probe (Chrono Boost)  
  55  5:15  Probe (Chrono Boost)  
  55  5:26  Immortal  
  61  5:29  Probe x2 (Chrono Boost)  
  61  5:31  Pylon  
  61  5:34  Probe (Chrono Boost)  
  62  5:43  Pylon  
  62  5:49  Probe x2  
  64  5:51  Adept x2  
  68  5:57  Robotics Bay  
  68  6:01  Probe x2  
  70  6:10  Assimilator  
  70  6:12  Pylon  
  70  6:13  Probe x2  
  72  6:19  Observer  
  72  6:25  Probe x2  
  70  6:37  Probe x2, Forge  
  70  6:38  Twilight Council  
  76  6:40  Assimilator  
  71  6:48  Nexus  
  71  6:49  Probe x2, Disruptor (Chrono Boost), Adept x2  
  80  6:59  Pylon  
  80  7:00  Blink  
  80  7:01  Probe  
  80  7:02  Probe  
  82  7:12  Protoss Ground Weapons Level 1 (Chrono Boost)  
  82  7:13  Probe  
  82  7:14  Probe  
  84  7:25  Probe  
  84  7:26  Probe  
  86  7:34  Shield Battery  
  86  7:38  Probe x2  
  86  7:39  Gateway x2  
  86  7:43  Observer, Pylon  
  89  7:49  Pylon  
  89  7:50  Probe x2  
  91  8:02  Probe x2, Phoenix  
  91  8:03  Probe  
  94  8:05  Colossus (Chrono Boost)  
  94  8:08  Extended Thermal Lance  
  100  8:14  Probe x2  
  100  8:16  Probe, Assimilator x2  
  103  8:25  Pylon  
  103  8:26  Gateway  
  103  8:28  Gateway, Sentry  
  105  8:39  Dark Shrine  
  105  8:40  Photon Cannon  
  105  8:42  Pylon  
  105  8:50  Nexus  
  105  8:58  Colossus (Chrono Boost)  
  105  9:01  Charge  
  111  9:09  Gateway  
  111  9:10  Gateway  
  111  9:12  Gateway  
  111  9:14  Stalker x3  
  111  9:15  Stalker  
  119  9:19  Pylon  
  118  9:25  Photon Cannon  
  118  9:26  Shield Battery  
  118  9:27  Pylon  
  118  9:38  Protoss Ground Weapons Level 2 (Chrono Boost)  
  117  9:49  Stalker x6  
  123  10:09  Shadow Stride (Chrono Boost)  
  123  10:11  Photon Cannon  
  123  10:13  Photon Cannon  
  123  10:19  Nexus  
  123  10:25  Observer (Chrono Boost)  
  123  10:27  Sentry x2  
  122  10:38  Colossus (Chrono Boost)  
  123  10:49  Probe x3  
  124  10:51  Photon Cannon  
  124  10:53  Pylon  
  124  10:59  Pylon  
  124  11:00  Pylon  
  124  11:01  Pylon  
  124  11:15  Nexus  
  124  11:24  Pylon  
  124  11:25  Dark Templar x7  
  138  11:32  Probe x3, Disruptor  
  140  11:44  Stalker  
  142  11:51  Probe x3  
  142  11:53  Shield Battery  
  143  11:55  Photon Cannon  
  139  12:11  Stalker x9  
  157  12:15  Protoss Ground Weapons Level 3 (Chrono Boost)  
  157  12:16  Pylon  
  157  12:17  Probe  
  157  12:18  Probe x2, Disruptor  
  163  12:27  Assimilator  
  164  12:30  Probe, Assimilator  
  162  12:42  Probe  
  153  12:53  Probe x3  
  153  12:54  Disruptor  
  159  12:59  Probe  
  159  13:03  Robotics Facility  
  159  13:05  Probe x2  
  160  13:12  Stalker x9  
  166  13:29  Nexus  
  166  13:33  Nexus  
  166  13:35  Pylon  
  166  13:36  Robotics Facility  
  166  13:37  Photon Cannon  
  166  13:39  Photon Cannon  
  166  13:53  Disruptor (Chrono Boost)  
  166  13:58  Gravitic Boosters  
  166  14:00  Dark Templar  
  166  14:01  Dark Templar x8  
  190  14:04  Photon Cannon  
  190  14:05  Observer (Chrono Boost)  
  190  14:08  Shield Battery  
  186  14:12  Pylon  
  186  14:18  Photon Cannon  
  186  14:22  Photon Cannon  
  182  14:38  Observer  
  182  14:49  Observer (Chrono Boost)  
  182  14:51  Disruptor (Chrono Boost)  
  186  14:55  Pylon  
  186  14:57  Protoss Shields Level 1, Pylon  
  186  15:04  Disruptor  
  188  15:09  Disruptor  
  188  15:28  Nexus  
  184  15:31  Pylon  
  184  15:32  Dark Templar x8  
  187  15:44  Disruptor x2  
  185  15:57  Stalker  
  187  16:09  Photon Cannon, Shield Battery, Zealot x2  
  187  16:10  Photon Cannon, Zealot x4  
  197  16:14  Assimilator  
  197  16:15  Pylon, Assimilator  
  167  16:34  Disruptor x3  
  171  16:44  Zealot x9  
  168  17:16  Observer x2 (Chrono Boost), Disruptor (Chrono Boost)  
  168  17:18  Nexus  
  144  17:25  Stalker x8  
  138  17:34  Pylon  
  135  17:45  Disruptor  
  144  17:54  Stalker x2  
  144  17:55  Stalker x3  
  144  17:56  Stalker x3  
  156  18:01  Nexus  
  129  18:27  Zealot x8, Pylon  
  141  18:44  Probe x2  
  133  18:49  Observer  
  133  18:52  Observer, Robotics Facility  
  133  18:53  Robotics Facility  
  113  19:00  Dark Templar x7  
  113  19:01  Photon Cannon, Shield Battery  
  127  19:19  Observer  
  125  19:28  Observer  
  125  19:30  Nexus  
  125  19:33  Stalker x2  
  125  19:34  Stalker  
  125  19:35  Pylon  
  131  19:43  Disruptor (Chrono Boost)  
  131  19:44  Pylon  
  131  19:48  Disruptor (Chrono Boost)  
  137  20:04  Observer  
  125  20:14  Disruptor  
  125  20:17  Disruptor  
  131  20:26  Stalker x5  
  136  20:49  Archon  
  130  20:52  Zealot x6, Dark Templar x2  
  146  21:00  Observer  
  143  21:12  Nexus  
  143  21:25  Dark Templar x4  
  151  21:29  Assimilator  
  151  21:30  Photon Cannon, Assimilator  
  151  21:35  Observer (Chrono Boost)  
  152  21:41  Zealot x3  
  152  21:42  Zealot  
  153  21:53  Observer (Chrono Boost)  
  154  21:55  Observer  
  154  22:00  Nexus  
  146  22:30  Nexus  
  146  22:36  Observer  
  147  22:42  Observer  
  147  22:47  Pylon  
  147  22:50  Assimilator  
  147  22:53  Assimilator  
  147  22:55  Stalker x3  
  153  23:19  Photon Cannon  
  153  23:20  Shield Battery  
  147  23:28  Zealot x8  
  107  24:04  Zealot x8  
  107  24:05  Nexus  
  107  24:08  Pylon  
  124  24:10  Observer (Chrono Boost)  
  123  24:36  Disruptor x2  
  129  24:48  Stalker x3  
  135  24:53  Photon Cannon  
  135  24:56  Pylon  
  135  24:58  Zealot x5  
  145  25:01  Photon Cannon  
  145  25:02  Shield Battery  
  145  25:04  Pylon  
  121  25:20  Observer  
  119  25:22  Zealot x7  
  133  25:30  Probe x3  
  133  25:31  Probe x2  
  138  25:42  Probe x2, Dark Templar x2  
  142  26:02  Assimilator x2  
  115  26:06  Disruptor x2  
  109  26:14  Dark Templar x3  
  105  26:22  Dark Templar  
  74  26:36  Stalker x3  
  68  26:47  Zealot, Dark Templar  
  68  26:48  Zealot x2  
  43  27:05  Stalker x5  
  43  27:06  Zealot x2, Stalker  
Show
View Real Time Build Order
Export as new Build Order

MCanning Protoss - Winner!

Build Orders:  

Get SALT Encoding   

  12  0:00  Probe  
  13  0:12  Probe  
  14  0:17  Pylon  
  14  0:24  Probe  
  15  0:36  Probe (Chrono Boost), Gateway  
  16  0:46  Probe (Chrono Boost), Assimilator  
  17  0:51  Probe (Chrono Boost)  
  17  0:55  Assimilator  
  18  1:03  Probe (Chrono Boost)  
  20  1:12  Probe (Chrono Boost)  
  20  1:15  Gateway  
  20  1:17  Probe (Chrono Boost)  
  20  1:25  Cybernetics Core  
  21  1:30  Probe  
  22  1:36  Pylon  
  22  1:42  Probe  
  23  1:55  Probe  
  23  2:00  Warp Gate (Chrono Boost)  
  24  2:02  Adept  
  24  2:03  Adept  
  28  2:14  Pylon  
  28  2:16  Probe  
  28  2:22  Pylon  
  29  2:32  Probe, Adept  
  29  2:33  Adept  
  34  2:54  Nexus  
  34  3:02  Adept  
  34  3:03  Adept  
  38  3:10  Pylon  
  38  3:12  Probe  
  39  3:22  Shield Battery  
  39  3:28  Probe  
  40  3:40  Probe (Chrono Boost)  
  41  3:41  Shield Battery, Adept  
  41  3:42  Adept  
  45  3:52  Probe (Chrono Boost)  
  45  3:55  Robotics Facility  
  46  4:01  Probe (Chrono Boost)  
  47  4:05  Pylon  
  47  4:06  Zealot  
  47  4:09  Sentry  
  51  4:13  Probe  
  52  4:18  Probe  
  53  4:26  Probe (Chrono Boost)  
  53  4:30  Probe (Chrono Boost)  
  49  4:32  Sentry x2  
  49  4:38  Probe (Chrono Boost)  
  54  4:42  Probe (Chrono Boost)  
  54  4:44  Forge  
  56  4:45  Probe (Chrono Boost)  
  56  4:47  Probe (Chrono Boost)  
  56  4:51  Probe  
  55  4:55  Immortal (Chrono Boost)  
  55  4:57  Probe  
  55  4:58  Sentry  
  59  5:04  Probe  
  60  5:09  Probe, Stalker  
  63  5:16  Probe  
  63  5:19  Protoss Ground Weapons Level 1  
  60  5:25  Gateway  
  60  5:27  Assimilator  
  60  5:29  Probe, Warp Prism (Chrono Boost)  
  60  5:33  Stalker  
  65  5:38  Probe, Shield Battery  
  65  5:41  Stalker  
  69  5:42  Probe  
  69  5:53  Twilight Council  
  69  5:57  Observer  
  69  6:02  Pylon  
  70  6:06  Pylon  
  70  6:09  Gateway  
  70  6:15  Probe (Chrono Boost)  
  70  6:17  Probe (Chrono Boost)  
  70  6:22  Stalker x2  
  70  6:27  Probe (Chrono Boost)  
  70  6:29  Probe (Chrono Boost)  
  71  6:34  Probe (Chrono Boost)  
  71  6:35  Probe (Chrono Boost)  
  71  6:38  Nexus  
  73  6:41  Charge  
  74  6:47  Probe  
  74  6:51  Probe, Pylon  
  74  6:53  Pylon  
  75  7:00  Probe  
  80  7:01  Immortal  
  80  7:03  Probe  
  81  7:10  Protoss Ground Weapons Level 2 (Chrono Boost), Stalker  
  81  7:14  Probe  
  82  7:19  Probe  
  83  7:23  Templar Archives  
  83  7:26  Gateway  
  83  7:30  Probe  
  83  7:37  Gateway  
  84  7:38  Shield Battery  
  84  7:39  Probe  
  84  7:40  Gateway  
  84  7:42  Probe  
  86  7:49  Photon Cannon  
  86  7:53  Probe  
  86  7:56  Gateway  
  86  7:57  Zealot  
  89  8:02  Pylon  
  87  8:06  High Templar x2  
  87  8:11  Probe  
  92  8:13  Probe  
  92  8:14  Archon  
  92  8:15  Zealot  
  92  8:17  Probe  
  96  8:24  Probe, Photon Cannon, Dark Shrine  
  96  8:25  Probe  
  98  8:29  Probe  
  98  8:30  Zealot x2  
  98  8:34  Assimilator  
  103  8:36  Probe  
  104  8:41  Assimilator  
  104  8:46  Pylon  
  104  8:48  High Templar x2  
  108  8:49  Zealot x3  
  108  8:53  Archon  
  114  9:06  Pylon  
  114  9:07  Phoenix, Nexus  
  114  9:14  Zealot x4  
  114  9:15  Zealot x2  
  126  9:18  Protoss Ground Weapons Level 3 (Chrono Boost)  
  126  9:24  Probe  
  127  9:27  Probe  
  128  9:33  Robotics Facility  
  128  9:35  Pylon  
  128  9:40  Probe, Pylon  
  128  9:44  Assimilator  
  121  9:58  Dark Templar x3  
  121  9:59  Dark Templar  
  119  10:09  Zealot  
  119  10:10  Zealot x3  
  119  10:11  Probe  
  128  10:28  Probe  
  128  10:33  Probe x2  
  128  10:35  Probe, Robotics Bay  
  130  10:38  Dark Templar x3  
  130  10:42  Photon Cannon  
  118  10:43  Probe, Shield Battery  
  118  10:44  Photon Cannon  
  118  10:46  Zealot  
  118  10:47  Zealot x2, Dark Templar  
  118  10:49  Assimilator  
  123  10:50  Probe  
  123  10:51  Archon x2  
  123  10:52  Probe  
  123  10:53  Assimilator  
  123  10:54  Pylon  
  125  10:58  Photon Cannon  
  125  11:00  Photon Cannon  
  125  11:02  Shield Battery  
  125  11:03  Pylon  
  123  11:07  Pylon  
  123  11:15  Shadow Stride  
  123  11:18  Pylon  
  124  11:22  Disruptor x2 (Chrono Boost)  
  124  11:23  Zealot x4  
  136  11:28  Zealot x2  
  136  11:29  Zealot  
  142  11:35  High Templar  
  142  11:36  Pylon  
  144  11:43  High Templar  
  144  11:48  Disruptor (Chrono Boost)  
  144  11:51  Disruptor (Chrono Boost), Zealot x2  
  144  11:52  Archon  
  146  12:03  Zealot, Stalker x3  
  146  12:09  Photon Cannon, Protoss Shields Level 1 (Chrono Boost)  
  146  12:12  Photon Cannon  
  146  12:14  Photon Cannon, Shield Battery  
  134  12:16  Disruptor  
  134  12:19  Photon Cannon  
  134  12:21  Photon Cannon  
  137  12:26  High Templar x2  
  137  12:29  Stalker  
  143  12:30  Stalker  
  143  12:31  Blink (Chrono Boost)  
  135  12:41  Stalker x3  
  141  12:55  Zealot x3  
  141  12:56  Disruptor (Chrono Boost)  
  153  13:01  Disruptor (Chrono Boost)  
  145  13:08  Probe  
  145  13:09  Dark Templar x3  
  145  13:10  Archon  
  146  13:13  Probe  
  146  13:16  Stalker x2  
  146  13:18  Zealot  
  153  13:25  Gateway  
  153  13:29  Stalker  
  153  13:30  Stalker  
  157  13:35  Observer (Chrono Boost), Pylon  
  157  13:39  Observer  
  159  13:42  Nexus  
  159  13:44  Probe  
  159  13:46  Dark Templar  
  162  13:58  Stalker x2  
  162  13:59  Stalker x2  
  167  14:19  Photon Cannon  
  167  14:21  Photon Cannon  
  167  14:23  Photon Cannon  
  167  14:25  Shield Battery, Dark Templar x3  
  167  14:28  Pylon  
  172  14:39  Disruptor  
  172  14:41  Dark Templar x3  
  172  14:42  Zealot x3  
  172  14:44  Disruptor  
  190  14:54  Protoss Shields Level 2 (Chrono Boost)  
  190  14:56  Gravitic Boosters (Chrono Boost)  
  190  14:58  Probe  
  189  15:11  Stalker x5  
  191  15:30  Stalker x4  
  199  15:36  Probe  
  180  15:43  Dark Templar x5  
  180  15:49  Assimilator  
  188  15:50  Photon Cannon  
  188  15:52  Photon Cannon, Assimilator  
  188  15:54  Photon Cannon  
  188  15:55  Shield Battery  
  188  15:57  Pylon  
  184  15:59  Stalker  
  184  16:00  Stalker x2  
  190  16:08  Zealot  
  191  16:16  Zealot  
  193  16:24  Disruptor  
  192  16:32  Zealot x5  
  192  16:40  Nexus  
  192  16:42  Pylon  
  179  17:00  Zealot  
  179  17:01  Zealot x3  
  175  17:04  Dark Templar x3  
  167  17:28  Stalker x4  
  167  17:29  Stalker x2  
  168  17:32  Nexus, Pylon  
  168  17:33  Disruptor  
  171  17:43  Disruptor  
  139  18:08  Zealot, Dark Templar x3  
  139  18:09  Disruptor, Zealot x4  
  146  18:20  Disruptor (Chrono Boost)  
  115  18:44  Stalker x2  
  115  18:45  Disruptor (Chrono Boost), Stalker x5  
  115  18:46  Stalker x2  
  133  18:50  Photon Cannon  
  133  18:51  Photon Cannon  
  121  18:55  Disruptor (Chrono Boost)  
  121  18:59  Photon Cannon  
  121  19:00  Shield Battery  
  121  19:03  Photon Cannon  
  121  19:11  Dark Templar  
  121  19:14  Observer (Chrono Boost), High Templar x4  
  132  19:17  Zealot x2  
  132  19:18  Zealot  
  132  19:19  Observer (Chrono Boost), Archon x2  
  132  19:21  Unknown  
  137  19:25  Zealot  
  139  19:33  Disruptor  
  142  19:39  Zealot  
  142  19:40  Zealot x2  
  148  19:46  Pylon  
  148  19:52  Stalker x3  
  152  19:53  Stalker  
  152  19:58  Zealot x2  
  157  20:05  Observer  
  157  20:07  Dark Templar  
  156  20:09  Observer  
  156  20:13  Zealot x2  
  152  20:14  Probe  
  152  20:15  Probe  
  152  20:18  Dark Templar  
  152  20:19  Zealot, Dark Templar  
  149  20:29  Observer  
  149  20:30  Zealot x3  
  156  20:41  Disruptor  
  149  20:50  Dark Templar x2  
  149  20:51  Dark Templar  
  155  21:00  Disruptor  
  150  21:05  Pylon, Zealot x2  
  154  21:16  Stalker x2  
  154  21:17  Stalker  
  160  21:29  Dark Templar x2  
  164  21:41  Disruptor  
  167  21:48  Disruptor  
  170  21:55  Nexus  
  170  21:56  Zealot x2  
  174  22:24  Dark Templar x4  
  174  22:25  Zealot x3  
  174  22:26  Observer (Chrono Boost)  
  174  22:29  Archon  
  183  22:30  Archon, Zealot  
  183  22:35  Pylon  
  185  22:37  Pylon  
  183  22:48  Templar Archives  
  183  22:56  Disruptor (Chrono Boost)  
  186  22:58  Zealot x3  
  192  23:10  Photon Cannon  
  192  23:12  Photon Cannon x2  
  192  23:17  Photon Cannon  
  193  23:24  Observer (Chrono Boost)  
  191  23:27  Observer (Chrono Boost)  
  174  23:34  Zealot x4  
  174  23:35  Zealot x2  
  163  23:58  Stalker x6  
  163  24:01  Protoss Shields Level 3 (Chrono Boost)  
  173  24:13  Disruptor x2  
  179  24:20  Photon Cannon  
  177  24:34  Zealot x4  
  177  24:35  Zealot  
  187  24:42  Observer  
  187  24:47  Dark Templar x3  
  187  24:50  Assimilator  
  192  24:55  Assimilator  
  192  25:00  Dark Templar  
  181  25:18  Observer  
  181  25:19  Stalker x6  
  184  25:28  Disruptor  
  187  25:32  Dark Templar  
  189  25:44  Nexus  
  189  25:45  Dark Templar x2  
  189  25:46  Pylon  
  189  25:57  Disruptor  
  190  26:06  Zealot  
  190  26:07  Zealot x2  
  190  26:09  Photon Cannon x2  
  190  26:10  Shield Battery  
  190  26:12  Disruptor, Shield Battery  
  190  26:13  Observer  
  155  26:34  Stalker x4  
  159  26:46  Observer  
  151  26:49  Observer  
  141  26:56  Stalker x4  
  141  26:57  Stalker x2  
  148  27:09  Zealot x2  
Tags
 
Add a new tag
Caveats
  • Supply blocks, unpowered buildings, or Contaminate may cause inaccurate times.
  • Supply counts are checked every 10 seconds.